General information
- name: BNet
- type: Ladder team game (AT/RT)
- host: Battle.net
- saver: Bromeister
map: Dragonblight
- players: 6
- length: 06:09
- speed: Fast
- version: 1.26 W3XP
- replay type: Public
» download(35 KB)
Players
team 1 (loser)
NOOBNOO (
purple | 100 APM | 610 actions | 06:05)
2 Goblin Tinker
1 Pocket Factory
1 Engineering Upgrade
» actions
| Assign group hotkey | 11 | |
| Basic commands | 15 | |
| Build / train | 36 | |
| Enter build submenu | 12 | |
| Enter hero's abilities submenu | 2 | |
| Right click | 189 | |
| Select / deselect | 188 | |
| Select group hotkey | 136 | |
| Use ability | 21 | |
610 total
» units
| Peasant | 10 | |
| Nerubian Warrior | 2 | |
| Nerubian Webspinner | 6 | |
| Ice Troll Berserker | 4 | |
22 total
» buildings
| Altar of Kings | 1 | |
| Farm | 5 | |
| Arcane Vault | 1 | |
| Lumber Mill | 1 | |
| Keep | 2 | |
| Scout Tower | 1 | |
| Guard Tower | 1 | |
| Castle | 4 | |
| Gryphon Aviary | 2 | |
18 total
» build order
00:08 Altar of Kings
00:13 Farm
01:06 Farm
01:41 Arcane Vault
01:52 Lumber Mill
02:37 Keep
02:37 Keep
02:39 Scout Tower
03:23 Guard Tower
03:52 Farm
04:32 Farm
04:55 Farm
04:58 Castle
04:58 Castle
05:49 Gryphon Aviary
05:51 Gryphon Aviary
» items
| Lesser Clarity Potion | 2 | |
| Scroll of Regeneration | 1 | |
3 total
battleangel5907 (
pink | 55 APM | 317 actions | 05:47)
1 Priestess of the Moon
1 Scout
» actions
| Basic commands | 3 | |
| Build / train | 17 | |
| Enter build submenu | 12 | |
| Enter hero's abilities submenu | 1 | |
| Right click | 161 | |
| Select / deselect | 101 | |
| Use ability | 22 | |
317 total
» units
| Wisp | 12 | |
| Archer | 1 | |
| Glaive Thrower | 2 | |
15 total
» buildings
| Altar of Elders | 1 | |
| Moon Well | 2 | |
| Ancient of War | 2 | |
| Ancient of Wonders | 1 | |
| Hunter's Hall | 1 | |
| Ancient Protector | 4 | |
11 total
» build order
00:10 Altar of Elders
00:14 Moon Well
00:50 Ancient of War
01:31 Ancient of Wonders
01:41 Moon Well
02:09 Hunter's Hall
03:16 Ancient Protector
04:15 Ancient Protector
04:19 Ancient Protector
04:51 Ancient of War
05:03 Ancient Protector
quizi (
teal | 44 APM | 261 actions | 05:59)
1 Mountain King
1 Storm Bolt
» actions
| Basic commands | 14 | |
| Build / train | 18 | |
| Enter build submenu | 18 | |
| Enter hero's abilities submenu | 1 | |
| Right click | 135 | |
| Select / deselect | 58 | |
| Use ability | 17 | |
261 total
» units
» upgrades
» buildings
| Altar of Kings | 1 | |
| Farm | 6 | |
| Lumber Mill | 1 | |
| Keep | 3 | |
| Blacksmith | 1 | |
| Barracks | 2 | |
| Castle | 1 | |
| Workshop | 3 | |
18 total
» build order
00:23 Altar of Kings
00:29 Farm
01:07 Lumber Mill
01:23 Farm
02:01 Farm
02:34 Keep
02:34 Keep
02:45 Farm
03:00 Blacksmith
03:18 Barracks
03:26 Farm
04:06 Barracks
04:58 Castle
05:06 Farm
05:16 Workshop
05:24 Workshop
05:32 Workshop
team 2 (winner)

»
6th.sense (
green | 37 APM | 223 actions | 06:05)
2 Blademaster
1 Wind Walk
1 Critical Strike
» actions
| Build / train | 21 | |
| Enter build submenu | 7 | |
| Enter hero's abilities submenu | 2 | |
| Right click | 119 | |
| Select / deselect | 60 | |
| Use ability | 14 | |
223 total
» units
» buildings
| Altar of Storms | 1 | |
| Orc Burrow | 2 | |
| Barracks | 1 | |
| Voodoo Lounge | 1 | |
| Stronghold | 1 | |
| War Mill | 1 | |
7 total
» build order
00:08 Altar of Storms
00:18 Orc Burrow
01:23 Orc Burrow
01:45 Barracks
01:50 Voodoo Lounge
03:55 Stronghold
06:02 War Mill
» items
| Lesser Clarity Potion | 3 | |
| Healing Salve | 1 | |
4 total
Bromeister (
blue | 67 APM | 415 actions | 06:09)
» actions
| Assign group hotkey | 2 | |
| Build / train | 30 | |
| Enter build submenu | 19 | |
| Remove unit from queue | 2 | |
| Right click | 234 | |
| Select / deselect | 78 | |
| Select group hotkey | 28 | |
| Use ability | 22 | |
415 total
» units
» upgrades
| Lumber Harvesting | 1 | |
| Masonry | 0 | |
1 total
» buildings
| Lumber Mill | 1 | |
| Keep | 1 | |
| Altar of Kings | 1 | |
| Scout Tower | 12 | |
| Guard Tower | 13 | |
| Arcane Tower | 1 | |
| Farm | 2 | |
| Castle | 2 | |
33 total
» build order
00:07 Lumber Mill
01:57 Keep
02:16 Altar of Kings
02:22 Scout Tower
02:30 Scout Tower
02:35 Scout Tower
02:39 Scout Tower
03:10 Guard Tower
03:18 Guard Tower
03:19 Guard Tower
03:42 Scout Tower
03:44 Scout Tower
03:51 Arcane Tower
04:00 Farm
04:09 Guard Tower
04:09 Guard Tower
04:12 Guard Tower
04:12 Guard Tower
04:26 Scout Tower
04:29 Scout Tower
04:53 Guard Tower
04:55 Scout Tower
05:11 Farm
05:25 Castle
05:28 Guard Tower
05:28 Guard Tower
05:31 Scout Tower
05:34 Scout Tower
05:59 Guard Tower
06:01 Scout Tower
GruntzNBluntz (
yellow | 35 APM | 216 actions | 06:05)
2 Blademaster
1 Wind Walk
1 Critical Strike
» actions
| Build / train | 21 | |
| Enter build submenu | 7 | |
| Enter hero's abilities submenu | 2 | |
| Right click | 107 | |
| Select / deselect | 64 | |
| Use ability | 15 | |
216 total
» units
» buildings
| Altar of Storms | 1 | |
| Orc Burrow | 3 | |
| Barracks | 1 | |
| Voodoo Lounge | 1 | |
| Stronghold | 1 | |
| War Mill | 1 | |
8 total
» build order
00:08 Altar of Storms
00:11 Orc Burrow
01:07 Barracks
01:24 Voodoo Lounge
01:55 Orc Burrow
02:53 Orc Burrow
05:04 Stronghold
05:51 War Mill
» items
| Healing Salve | 1 | |
| Lesser Clarity Potion | 1 | |
2 total
Chat log
(00:21 / Allies) Bromeister: im tower rush pro
(00:29 / Allies) Bromeister: the mother land
(00:30 / Allies) 6th.sense: wtf
(00:36 / Allies) Bromeister: dude chill
(00:37 / Allies) 6th.sense: towers dont win games any more
(00:41 / Allies) Bromeister: all my games
(00:44 / Allies) Bromeister: are towers
(00:48 / Allies) Bromeister: so stfu
(01:05 / Allies) 6th.sense: 1 win 1 loss
(01:08 / Allies) Bromeister: u ass child
(01:12 / Allies) 6th.sense: your point?
(01:15 / Allies) Bromeister: lawl
(01:19 / Allies) Bromeister: just help
(01:20 / Allies) Bromeister: or we all lose
(01:35 / Allies) 6th.sense: i'll help but we will lose unless they are pathetic noobs
(01:46 / Allies) Bromeister: dude its chill brah
(01:48 / Allies) Bromeister: just mass
(01:59 / Allies) Bromeister: i teched
(02:00 / Allies) Bromeister: lol
(02:04 / Allies) Bromeister: to morts
(02:10 / Allies) Bromeister: its chill breh
(02:41 / Allies) Bromeister: i saw pink
(02:43 / Allies) Bromeister: ne
(02:53 / Allies) Bromeister: wood plz
(03:14 / Allies) 6th.sense: fuck here we go
(03:16 / Allies) Bromeister: wood
(03:16 / Allies) Bromeister: fuck
(03:20 / Allies) Bromeister: i told u to wood me
(03:22 / Allies) Bromeister: this is what happens
(03:25 / Allies) Bromeister: late ass towers
(03:26 / Allies) Bromeister: g
(03:28 / Allies) Bromeister: fucking g
(03:29 / Allies) Bromeister: faggot
(04:05 / Allies) Bromeister: kill it
(04:16 / Allies) Bromeister: wood
(04:16 / Allies) Bromeister: wood
(04:20 / Allies) Bromeister: kill siege
(04:23 / Allies) Bromeister: in the base
(04:32 / Allies) Bromeister: batista
(04:33 / Allies) 6th.sense: make MORE workers!!!!
(04:41 / Allies) Bromeister: im t2
(04:45 / Allies) Bromeister: can u chill
(05:40 / Allies) Bromeister: grunt
(05:50 / Allies) Bromeister: lol
(05:51 / Allies) Bromeister: green
(06:02 / All) Bromeister: green such a noob